 Dungeon Crawl Stone Soup version 0.30-a0-728-gc68057b (webtiles) character file.

Game seed: 15764048675249615455

74606 malesh the Arsonist (level 15, -1/130 HPs)
             Began as a Hill Orc Fire Elementalist on Jan 27, 2023.
             Was the Champion of Elyvilon.
             Slain by a spriggan defender simulacrum (12 damage)
             ... in an ice cave on Jan 30, 2023.
             The game lasted 03:18:01 (34564 turns).

malesh the Arsonist (Hill Orc Fire Elementalist)   Turns: 34564, Time: 03:18:02

Health: -1/130     AC: 11    Str: 15    XL:     15   Next: 47%
Magic:  30/37      EV: 21    Int: 23    God:    Elyvilon [******]
Gold:   2065       SH:  6    Dex: 18    Spells: 4/33 levels left

rFire   + . .      SeeInvis .    a - +3 war axe (venom)
rCold   + + .      Faith    +    u - +0 buckler
rNeg    . . .      Spirit   .    D - +2 robe {rC+}
rPois   +          Reflect  .    R - +0 helmet
rElec   +          Harm     .    n - +2 cloak
rCorr   +          Rampage  .    (no gloves)
Will    +....                    p - +2 pair of slick slippers {slick, slippery, EV+5}
Stlth   ++                       m - amulet "Veath" {Faith *Slow rPois Int+4 Dex+7}
HPRegen 0.41/turn                e - ring of magical power
MPRegen 0.25/turn                E - ring of wizardry

@: resistant, invisible
A: no striking features
a: Renounce Religion, Purification, Heal Other, Heal Self, Divine Vigour


You were in an ice cave.
You worshipped Elyvilon.
Elyvilon was exalted by your worship.
You visited 4 branches of the dungeon, and saw 23 of its levels.
You also visited: Bailey and Ice Cave.

You collected 2754 gold pieces.
You spent 689 gold pieces at shops.

Inventory:

Hand Weapons
 a - a +3 war axe of venom (weapon)
 O - a +2 scimitar of flaming
Missiles
 b - a throwing net
Armour
 j - a +2 leather armour of poison resistance
 n - a +2 cloak (worn)
 p - the +2 pair of slick slippers (worn) {slick, slippery, EV+5}
   (You acquired it on level 2 of the Lair of Beasts)

   Slick:     Its wearer cannot be constricted, engulfed, netted or webbed.
   Slippery:  It slips away from damaging melee attacks, pulling the attacker
   onward.
   EV:        It affects your evasion (+5).
 u - a +0 buckler (worn)
 z - a +2 leather armour of willpower
 D - a +2 robe of cold resistance (worn)
 H - a +2 kite shield
 R - a +0 helmet (worn)
Jewellery
 c - a +6 ring of dexterity
 d - a ring of see invisible
 e - a ring of magical power (left hand)
 m - the amulet "Veath" (around neck) {Faith *Slow rPois Int+4 Dex+7}
   (You acquired it in a bailey)

   [amulet of faith]

   It allows you to gain divine favour quickly.
   Int:       It affects your intelligence (+4).
   Dex:       It affects your dexterity (+7).
   rPois:     It protects you from poison.
   *Slow:     It may slow you when you take damage.
 E - a ring of wizardry (right hand)
Wands
 k - a wand of charming (13)
 y - a wand of digging (6)
 I - a wand of acid (15)
Scrolls
 i - 3 scrolls of teleportation
 l - 2 scrolls of identify
 o - a scroll of amnesia
 C - a scroll of enchant weapon {unknown}
 K - 4 scrolls of poison
Potions
 g - 3 potions of magic
 h - 2 potions of resistance
 q - 4 potions of attraction
 r - 4 potions of flight
 s - 6 potions of curing
 t - 2 potions of invisibility
 v - 2 potions of heal wounds
 w - 2 potions of might
 x - 3 potions of brilliance
 B - 2 potions of lignification
 F - 2 potions of cancellation {unknown}
 N - a potion of berserk rage


   Skills:
 + Level 11.3 Fighting
 + Level 12.2 Axes
 + Level 6.7 Armour
 + Level 7.4 Dodging
 - Level 1.5 Stealth
 - Level 5.0 Shields
 + Level 9.9 Spellcasting
 - Level 5.3 Conjurations
 - Level 1.0 Hexes
 + Level 7.2 Summonings
 - Level 1.0 Translocations
 + Level 13.2 Fire Magic
 - Level 2.0 Ice Magic
 - Level 1.0 Air Magic
 - Level 10.0 Invocations


You had 4 spell levels left.
You knew the following spells:

 Your Spells              Type           Power      Damage    Failure   Level
a - Foxfire               Conj/Fire      100%       2x1d9     1%          1
b - Scorch                Fire           100%       2d10      1%          2
c - Inner Flame           Hex/Fire       44%        N/A       1%          3
d - Kindle Blastsparks    Fire/Tloc/Air  68%        2d15      1%          3
e - Flame Wave            Conj/Fire      52%        2d13      1%          4
f - Sticky Flame          Conj/Fire      52%        2d7       1%          4
g - Summon Ice Beast      Ice/Summ       32%        N/A       4%          4
h - Summon Mana Viper     Hex/Summ       30%        N/A       16%         5
i - Ignite Poison         Fire/Tmut/Pois 31%        N/A       1%          3

Your spell library contained the following spells:

 Spells                   Type           Power      Damage    Failure   Level
 Apportation              Tloc           32%        N/A       1%          1
 Freeze                   Ice            80%        1d9       1%          1
 Magic Dart               Conj           100%       1d8       1%          1
 Shock                    Conj/Air       100%       1d9       1%          1
 Summon Small Mammal      Summ           100%       N/A       1%          1
 Momentum Strike          Conj/Tloc      52%        3d9       1%          2
 Call Canine Familiar     Summ           44%        N/A       1%          3
 Hailstorm                Conj/Ice       28%        3d8       1%          3
 Summon Guardian Golem    Hex/Summ       30%        N/A       1%          3
 Necrotise                Necr           44%        1d6       3%          1
 Frozen Ramparts          Ice            40%        1d7       4%          3
 Ozocubu's Armour         Ice            20%        N/A       4%          3
 Portal Projectile        Hex/Tloc       32%        N/A       6%          3
 Swiftness                Air            16%        N/A       6%          3
 Airstrike                Air            8%         2d(2-18)  19%         4
 Ice Form                 Ice/Tmut       16%        N/A       19%         4
 Anguish                  Hex/Necr       6%         N/A       24%         4
 Leda's Liquefaction      Hex/Erth       6%         N/A       24%         4
 Petrify                  Tmut/Erth      11%        N/A       28%         4
 Freezing Cloud           Conj/Ice/Air   12%        6-21      26%         5
 Metabolic Englaciation   Hex/Ice        9%         N/A       38%         5
 Alistair's Intoxication  Tmut/Pois      7%         N/A       58%         5
 Borgnjor's Vile Clutch   Necr/Erth      5%         N/A       58%         5
 Ignition                 Fire           32%        3d10      61%         8
 Monstrous Menagerie      Summ           22%        N/A       75%         7
 Eringya's Noxious Bog    Tmut/Pois      5%         N/A       98%         6
 Statue Form              Tmut/Erth      7%         N/A       98%         6
 Dragon Form              Tmut           5%         N/A       100%        7
 Enfeeble                 Hex            8%         N/A       100%        7
 Ozocubu's Refrigeration  Ice            10%        4d9       100%        7


Dungeon Overview and Level Annotations

Branches:
Dungeon (15/15)            Temple (1/1) D:6            Lair (5/5) D:10
  Swamp (0/4) Lair:2        Snake (0/4) Lair:2        Slime (0/5) Lair:4
    Orc (2/2) D:11            Elf (0/3) Orc:2        Vaults (0/5) D:14
 Depths (0/4) D:15         Bailey (visited)           IceCv (1/1)

Altars:
Ashenzari
Cheibriados
Dithmenos
Elyvilon
Fedhas
Gozag
Hepliaklqana
Kikubaaqudgha
Makhleb
Nemelex Xobeh
Okawaru
Qazlal
Ru
Sif Muna
Trog
Uskayaw
Vehumet
Wu Jian
Xom
Yredelemnul
Zin
The Shining One
Beogh
Jiyva

Shops:
D:9 =   Orc:2 *:*!

Annotations:
D:3 3 runed translucent doors, Caerwyn's ghost, amateur VSFi
D:7 4 runed translucent doors, Crazy Yiuf; experimato's ghost, novice DrWn
D:11 exclusion: ice statue


Message History

* * * LOW HITPOINT WARNING * * *
The Ice Fiend freezes you!! You resist. Elyvilon protects you from harm!
The Ice Fiend completely misses you.
An Ice Fiend comes into view.
Press: ? - help, v - describe, . - travel
Here: an Ice Fiend The floor.
Unknown command.
Unknown command.
Press: ? - help, v - describe, . - travel, g - get item Item here: a manual of Ice Magic.
The floor.
Unknown command.
Unknown command.
Unknown command.
Unknown command.
Unknown command.
Unknown command.
Unknown command.
Unknown command.
Unknown command.
Okay, then.
Okay, then.
Unknown command.
Unknown command.
You feel protected.
The Ice Fiend claws you but does no damage.
The Ice Fiend claws you!
* * * LOW HITPOINT WARNING * * *
The Ice Fiend freezes you! You resist. Elyvilon protects you from harm!
The Ice Fiend gestures at you. The bolt of cold misses you.
You block the ice devil's attack.
You feel much better.
The spriggan defender simulacrum hits you!
* * * LOW HITPOINT WARNING * * *
The spriggan defender simulacrum freezes you!
You resist.
You die...

#...# #°.☼..##
...## ##.#.#☼☼#
#..# #○.§§°.§##
..## ##..##...#.
..# #.○☼.#..##.
..# #..#.##.#.. ##
..#
##§##..#.#..#.# #
..#
#○.#.......1.Z#1:#
÷.#
#...........@...:#
.##
#.Z.#...####.4#.$#
.## #☼Z4#
........# # ..#
#.#Z# ......## ..#
#°..# .#...#
.)##......# #..##
[##.○#.....# #..
##.○###ZZZ....##
#°°§# #........


You could see 2 Ice Fiends, an ice devil (wandering, unable to see you) and a
spriggan defender simulacrum (unable to see you).

Vanquished Creatures
  Snorg (Orc:2)
  5 hydras
  A yaktaur captain (D:14)
  3 centaur warriors
  2 death knights
  Erica (D:10)
  7 death yaks
  2 boulder beetles
  3 two-headed ogres
  4 tengu warriors
  Urug (Lair:3)
  Sonja (Lair:4)
  3 bog bodies
  An obsidian statue (IceCv)
  A deep elf pyromancer (D:14)
  3 lindwurms (Lair:3)
  9 orc knights
  3 orc sorcerers
  2 oklob plants (Lair:4)
  2 cyclopes
  7 ugly things
  A manticore (D:10)
  Maurice (Orc:2)
  4 elephants (Lair:2)
  A cane toad (shapeshifter) (D:15)
  A torpor snail (Lair:5)
  4 black mambas
  2 unseen horrors (D:12)
  10 cane toads
  7 freezing wraiths
  3 ice devils (IceCv)
  An anaconda simulacrum (IceCv)
  4 rime drakes
  7 komodo dragons
  2 kobold demonologists (Bailey)
  7 yaktaurs
  A tengu conjurer (D:14)
  2 trolls
  3 polar bears
  A dream sheep (Lair:5)
  5 blink frogs
  A shadow (D:11)
  6 slime creatures (D:15)
  A wyvern (D:9)
  3 dire elephant simulacra
  A wraith (D:11)
  43 yaks
  A death yak simulacrum (D:11)
  6 vampire mosquitoes
  4 basilisks
  3 minotaur simulacra (IceCv)
  Edmund (D:5)
  5 wargs (Orc:2)
  3 nagas (Lair:2)
  4 acid dragons
  16 water moccasins
  A floating eye (shapeshifter) (D:9)
  3 sky beasts
  47 orc warriors
  4 black bears
  An ettin simulacrum (IceCv)
  3 ice beasts
  7 ogres
  2 centaurs
  14 wolves
  2 phantoms
  2 kobold brigands
  2 gnoll sergeants
  2 deep troll simulacra (IceCv)
  A scorpion (D:10)
  11 bullfrogs
  4 wights (D:6)
  5 electric eels (Bailey)
  3 jellies
  8 howler monkeys
  A lava snake (D:9)
  11 orc priests
  4 gnoll boudas
  Jessica (D:3)
  5 hell rats (Lair:3)
  6 iguanas
  24 orc wizards
  3 troll simulacra (D:11)
  23 gnolls
  11 adders
  3 white imps (D:11)
  An ufetubus (D:7)
  A worm (D:3)
  3 dart slugs
  95 orcs
  3 endoplasms
  4 giant cockroaches
  17 goblins
  9 hobgoblins
  4 jackals (D:4)
  19 kobolds
  2 quokkas (D:4)
  6 ball pythons
  5 bats
  2 frilled lizards
  A rat (D:3)
613 creatures vanquished.

Vanquished Creatures (collateral kills)
  An elephant (Lair:2)
  2 ice statues (D:15)
  A freezing wraith (IceCv)
  A yaktaur (D:14)
  A wraith (D:14)
  An orc warrior (D:11)
  A centaur (D:11)
  A howler monkey (D:11)
  An orc priest (Orc:2)
  An orc wizard (Orc:2)
  3 orcs
  7 foxfires
21 creatures vanquished.

Vanquished Creatures (others)
  1507 foxfires
  40 fungi
  31 plants
1578 creatures vanquished.

Grand Total: 2212 creatures vanquished

Notes
Turn   | Place    | Note
-------+----------+-------------------------------------------
     0 | D:1      | malesh the Hill Orc Fire Elementalist began the quest for
                  | the Orb.
     0 | D:1      | Reached XP level 1. HP: 14/14 MP: 3/3
   265 | D:1      | Reached XP level 2. HP: 20/20 MP: 4/4
   283 | D:1      | Learned a level 2 spell: Scorch
   941 | D:1      | Got Rorhuel's Volume of the Evolved Oath
  1329 | D:2      | Found a faded altar of an unknown god.
  1437 | D:2      | Reached XP level 3. HP: 26/26 MP: 5/5
  1591 | D:2      | Reached skill level 4 in Fire Magic
  1912 | D:3      | Found a runed translucent gate.
  1912 | D:3      | Found a runed translucent gate.
  1912 | D:3      | Found a runed translucent gate.
  2053 | D:3      | Learned a level 3 spell: Inner Flame
  2093 | D:3      | Noticed Jessica
  2098 | D:3      | Noticed Caerwyn's ghost (amateur VSFi)
  2130 | D:3      | Reached XP level 4. HP: 33/33 MP: 7/7
  2146 | D:3      | Killed Jessica
  2253 | D:3      | Reached XP level 5. HP: 38/38 MP: 8/8
  2259 | D:3      | Reached skill level 5 in Fire Magic
  2522 | D:3      | Reached XP level 6. HP: 32/45 MP: 10/10
  2928 | D:3      | Learned a level 3 spell: Kindle Blastsparks
  3214 | D:4      | Noticed a black bear
  3239 | D:4      | Killed a black bear
  3463 | D:4      | Reached XP level 7. HP: 50/50 MP: 12/12
  3724 | D:4      | Reached skill level 6 in Fire Magic
  3758 | D:4      | Learned a level 4 spell: Flame Wave
  3813 | D:4      | Reached skill level 1 in Axes
  3969 | D:4      | Found a hide-covered altar of Uskayaw.
  3975 | D:4      | Found an ancient bone altar of Kikubaaqudgha.
  4040 | D:4      | Found an ornate altar of the Wu Jian Council.
  4040 | D:4      | Found a sparkling altar of Nemelex Xobeh.
  4040 | D:4      | Found an opulent altar of Gozag.
  4040 | D:4      | Found an iron altar of Okawaru.
  4141 | D:4      | Found a blossoming altar of Fedhas.
  4142 | D:4      | Found a shimmering blue altar of Sif Muna.
  4145 | D:4      | Found a bloodstained altar of Trog.
  4289 | D:4      | Found a glowing silver altar of Zin.
  4542 | D:5      | Entered Level 5 of the Dungeon
  4578 | D:5      | Reached skill level 1 in Fighting
  4578 | D:5      | Reached XP level 8. HP: 41/59 MP: 14/14
  4832 | D:5      | Noticed Edmund
  4864 | D:5      | Killed Edmund
  5045 | D:5      | Found a glowing golden altar of the Shining One.
  5094 | D:5      | Reached skill level 7 in Fire Magic
  5369 | D:5      | Found a white marble altar of Elyvilon.
  5372 | D:5      | Became a worshipper of Elyvilon the Healer
  5446 | D:6      | Reached skill level 5 in Spellcasting
  5504 | D:6      | Learned a level 4 spell: Sticky Flame
  5824 | D:6      | Reached XP level 9. HP: 64/64 MP: 14/17
  5921 | D:6      | Found a staircase to the Ecumenical Temple.
  5933 | D:6      | Reached skill level 8 in Fire Magic
  6083 | D:6      | Reached * piety under Elyvilon
  6104 | Temple   | Entered the Ecumenical Temple
  6167 | D:6      | Got Toubok Pie's Almanac of Polar Attacks
  6845 | D:7      | Found a runed translucent gate.
  6845 | D:7      | Found a runed translucent gate.
  6845 | D:7      | Found an opulent altar of Gozag.
  6845 | D:7      | Found a runed translucent gate.
  6939 | D:7      | Found a flagged portal.
  6954 | D:7      | Reached skill level 1 in Air Magic
  7128 | Bailey   | Entered a bailey
  7328 | Bailey   | Reached skill level 1 in Translocations
  7408 | Bailey   | Reached skill level 1 in Hexes
  7573 | Bailey   | Reached skill level 9 in Fire Magic
  7926 | Bailey   | Acquired the amulet "Veath" {Faith *Slow rPois Int+4 Dex+7}
  7970 | Bailey   | Noticed a kobold demonologist
  7987 | Bailey   | Killed a kobold demonologist
  8163 | Bailey   | Reached XP level 10. HP: 63/74 MP: 19/19
  8343 | Bailey   | Reached skill level 5 in Conjurations
  8409 | Bailey   | Noticed a kobold demonologist
  8415 | Bailey   | Killed a kobold demonologist
  8447 | Bailey   | Found an iron altar of Okawaru.
  8917 | D:7      | Reached ** piety under Elyvilon
  9197 | D:7      | Found a runed translucent door.
  9198 | D:7      | Noticed Crazy Yiuf
  9246 | D:7      | Noticed experimato's ghost (novice DrWn)
  9544 | D:8      | Reached *** piety under Elyvilon
  9671 | D:8      | Reached skill level 1 in Invocations
 10278 | D:9      | Noticed a two-headed ogre
 10437 | D:9      | Noticed a tengu warrior
 10495 | D:9      | Reached **** piety under Elyvilon
 10607 | D:9      | Killed a tengu warrior
 10608 | D:9      | Reached skill level 5 in Axes
 10608 | D:9      | Reached skill level 10 in Fire Magic
 10799 | D:9      | Upgraded the game from 0.30-a0-721-ga6a225c to
                  | 0.30-a0-722-g3e6e8c8
 10811 | D:9      | Noticed a two-headed ogre
 10821 | D:9      | Killed a two-headed ogre
 10822 | D:9      | Reached skill level 5 in Fighting
 10825 | D:9      | Elyvilon protects you from harm!
 11123 | D:9      | Reached XP level 11. HP: 86/86 MP: 21/21
 11204 | D:9      | Found Pukedel's Jewellery Boutique.
 11379 | D:9      | Killed a two-headed ogre
 11577 | D:9      | Noticed a purple ugly thing
 11726 | D:9      | Killed a purple ugly thing
 12382 | D:10     | Entered Level 10 of the Dungeon
 12382 | D:10     | Noticed Erica
 12927 | D:10     | Reached skill level 1 in Shields
 12932 | D:10     | Reached skill level 5 in Invocations
 13093 | D:10     | Reached ***** piety under Elyvilon
 13150 | D:10     | Found a staircase to the Lair.
 13189 | Lair:1   | Entered Level 1 of the Lair of Beasts
 13224 | Lair:1   | Reached skill level 5 in Dodging
 13527 | D:10     | Killed Erica
 13696 | D:10     | Found a broken altar of Ashenzari.
 13770 | D:10     | Noticed a seven-headed hydra
 13777 | D:10     | Killed a seven-headed hydra
 13859 | D:10     | Learned a level 4 spell: Summon Ice Beast
 13878 | D:10     | Noticed an orc knight
 13899 | D:10     | Killed an orc knight
 13899 | D:10     | Noticed a boulder beetle
 13909 | D:10     | HP: 3/91 [shot self (5)]
 13910 | D:10     | Elyvilon protects you from harm!
 14207 | D:10     | Noticed a manticore
 14211 | D:10     | Killed a manticore
 14212 | D:10     | Reached XP level 12. HP: 82/97 MP: 23/23
 14342 | D:10     | Killed a boulder beetle
 15542 | Lair:1   | Reached skill level 1 in Summonings
 15542 | Lair:1   | Reached skill level 1 in Ice Magic
 15933 | Lair:1   | Reached skill level 11 in Fire Magic
 16636 | Lair:2   | You fall into a shaft and drop 2 floors!
 16636 | Lair:4   | Found a viscous altar of Jiyva.
 16636 | Lair:4   | Found a staircase to the Slime Pits.
 16641 | Lair:4   | Elyvilon protects you from harm!
 17052 | Lair:2   | Reached skill level 5 in Shields
 17321 | Lair:2   | Found a staircase to the Swamp.
 17334 | Lair:2   | HP: 3/102 [bog body (28)]
 17739 | Lair:2   | Acquired the +2 pair of slick slippers {slick, slippery,
                  | EV+5}
 17739 | Lair:2   | Found the +2 pair of slick slippers {slick, slippery, EV+5}
 17802 | Lair:2   | Reached XP level 13. HP: 86/108 MP: 24/25
 18199 | Lair:2   | Found a staircase to the Snake Pit.
 19019 | D:9      | Bought a ring of see invisible for 165 gold pieces
 19102 | D:11     | Reached ****** piety under Elyvilon
 19574 | D:11     | Reached skill level 1 in Armour
 19942 | D:11     | Found a blossoming altar of Fedhas.
 20624 | D:11     | Found a staircase to the Orcish Mines.
 21565 | Orc:1    | Entered Level 1 of the Orcish Mines
 21570 | Orc:1    | Reached skill level 5 in Summonings
 21635 | Orc:2    | Entered Level 2 of the Orcish Mines
 21824 | Orc:2    | Noticed Snorg
 21834 | Orc:2    | Killed Snorg
 22078 | Orc:1    | Upgraded the game from 0.30-a0-722-g3e6e8c8 to
                  | 0.30-a0-723-gc1506a1
 22136 | Orc:2    | Found a staircase to the Elven Halls.
 22589 | Orc:2    | Reached skill level 10 in Axes
 22825 | Orc:2    | Noticed Maurice
 22832 | Orc:2    | Killed Maurice
 23296 | Orc:2    | Paralysed by an orc sorcerer for 3 turns
 23617 | Orc:2    | Found Bicsabb's General Store.
 23617 | Orc:2    | Found Lumuv's Distillery.
 23659 | Orc:2    | Reached skill level 12 in Fire Magic
 23788 | Orc:2    | Bought a potion of brilliance for 64 gold pieces
 23788 | Orc:2    | Bought a scroll of magic mapping for 120 gold pieces
 23788 | Orc:2    | Bought a scroll of identify for 32 gold pieces
 23797 | Orc:2    | Bought a potion of heal wounds for 85 gold pieces
 23797 | Orc:2    | Bought a potion of heal wounds for 85 gold pieces
 23797 | Orc:2    | Bought a potion of might for 68 gold pieces
 23809 | Orc:2    | Found a roughly hewn altar of Beogh.
 24302 | Orc:2    | Found Wisaa's Assorted Antiques.
 24302 | Orc:2    | Found Reolayr's Book Shop.
 24309 | Orc:2    | Bought a scroll of identify for 70 gold pieces
 25077 | Orc:1    | Reached XP level 14. HP: 119/119 MP: 20/26
 26844 | D:12     | Acquired 558 gold pieces
 26948 | D:13     | Reached skill level 10 in Fighting
 27059 | D:13     | Reached skill level 10 in Invocations
 27934 | D:13     | Identified the +0 pair of boots "Evejabb" {rC+ Slay-3
                  | Stlth+}
 28309 | Lair:1   | Learned a level 5 spell: Summon Mana Viper
 28365 | Lair:3   | Noticed Urug
 28661 | Lair:3   | Killed Urug
 29277 | Lair:4   | Noticed Sonja
 29280 | Lair:4   | Killed Sonja
 30173 | Lair:5   | Entered Level 5 of the Lair of Beasts
 30239 | Lair:5   | Reached skill level 5 in Armour
 30362 | Lair:5   | Found a glowing golden altar of the Shining One.
 30561 | Lair:4   | Upgraded the game from 0.30-a0-723-gc1506a1 to
                  | 0.30-a0-726-gd89dcf7
 30869 | Lair:5   | HP: 4/122 [eight-headed hydra (9)]
 31307 | Lair:4   | Learned a level 3 spell: Ignite Poison
 31579 | D:14     | Reached XP level 15. HP: 34/128 MP: 20/28
 31844 | D:14     | Found a gate to the Vaults.
 32365 | D:14     | Found a stormy altar of Qazlal.
 32599 | D:14     | Reached skill level 13 in Fire Magic
 32934 | D:15     | Entered Level 15 of the Dungeon
 33394 | D:15     | Upgraded the game from 0.30-a0-726-gd89dcf7 to
                  | 0.30-a0-728-gc68057b
 33458 | D:15     | Found a frozen archway.
 33510 | IceCv    | Entered an ice cave
 34562 | IceCv    | Noticed an Ice Fiend
 34562 | IceCv    | Elyvilon protects you from harm!
 34562 | IceCv    | Noticed an Ice Fiend
 34563 | IceCv    | HP: 4/130 [Ice Fiend (16)]
 34563 | IceCv    | Elyvilon protects you from harm!
 34564 | IceCv    | Slain by a spriggan defender simulacrum

Illustrated notes

Levels and vault maps discovered:
D:1:      dpeg_arrival_round_a, layout_loops_ring
D:2:      layout_basic, hellmonk_ecumenical_altar_arch_garden,
          minmay_misc_feat_roman, minmay_misc_feat_tiny, grunt_decor_fettered
D:3:      layout_basic, gammafunk_ghost_icy, uniq_jessica
D:4:      nicolae_cairo_tiling_large, layout_rooms,
          mainiacjoe_overflow_chevrons, minitemple, roderic_roman_lattice,
          dk_noncrumbling_3, grunt_ministairs_5
D:5:      layout_cave_pools, mainiacjoe_overflow_swirl, uniq_edmund
D:6:      layout_loops_ring, temple_pool_b
D:7:      layout_basic, ebering_ghost_gozag, enter_bailey_3,
          uniq_crazy_yiuf_cottage
D:8:      layout_basic
D:9:      minmay_distorted_concentric_squares, layout_rooms, serial_shops, shop,
          hex_large, nrook_pool_corridor, grunt_decor_resistance,
          kennysheep_big_empty_room
D:10:     layout_irregular_city, cheibrodos_ashenzari_chains,
          grunt_lair_entry_orc_guard_hut, abandoned_shop,
          chequers_decorated_corner, wad_mini_maze, uniq_erica
D:11:     dreamdust_isle_of_ice, layout_basic, hiddenorc1_lemuel, fedhas_altar_2
D:12:     wander_river, layout_irregular_city
D:13:     layout_layer_cave
D:14:     layout_roguey, david_vaults_2, nicolae_qazlal_style_of_elements,
          kennysheep_generic_room_13
D:15:     grunt_enter_depths_magical_seal, layout_gridville,
          portal_ice_cave_entry_ice_statue_two, minmay_splitting_lines
Temple:   nicolae_temple_ecumenical_triangle
Lair:1:   layout_cellular_growth
Lair:2:   layout_roguey, skrybe_swamp_entry_bodies, nicolae_snake_entry_squirm
Lair:3:   layout_misc_corridors, nicolae_lair_lindhole, uniq_urug
Lair:4:   layout_roguey, minmay_slime_entry_oklob_open, uniq_sonja
Lair:5:   evilmike_catoblepas_cave, layout_misc_corridors, basic_altar,
          dreamdust_gnoll_shepherd, grunt_megastairs_4
Orc:1:    layout_diamond_mine, mines2_lemuel
Orc:2:    st_orc_town, layout_diamond_mine, uniq_maurice, uniq_snorg
IceCv:    ice_cave_small_demon

Skill      XL: |  1  2  3  4  5  6  7  8  9 10 11 12 13 14 15 |
---------------+----------------------------------------------+-----
Fire Magic     | 4 5 6 7 9 10 11 12 13 | 13.2
Spellcasting   | 2 3 4 5 6 7 8 9 |  9.9
Conjurations   | 2 3 4 5 |  5.3
Axes           | 1 2 3 5 7 9 10 11 12 | 12.2
Dodging        | 2 3 4 5 6 7 |  7.4
Fighting       | 1 2 5 6 8 9 10 11 | 11.3
Air Magic      | 1 |  1.0
Translocations | 1 |  1.0
Hexes          | 1 |  1.0
Invocations    | 3 6 8 9 10 | 10.0
Shields        | 3 5 |  5.0
Summonings     | 3 5 6 7 |  7.2
Ice Magic      | 1 2 |  2.0
Armour         | 3 5 6 |  6.7
Stealth        | |  1.5

Action                     |  1- 3 |  4- 6 |  7- 9 | 10-12 | 13-15 || total
---------------------------+-------+-------+-------+-------+-------++-------
  Melee: Unarmed           |    10 |       |       |       |       ||    10
         Hand axe          |     1 |    29 |    45 |    88 |    53 ||   216
         Punch             |       |     1 |       |     1 |       ||     2
         War axe           |       |       |       |       |   227 ||   227
   Cast: Foxfire           |    51 |    41 |   128 |   220 |   453 ||   893
         Scorch            |     8 |    24 |    47 |   110 |   215 ||   404
         Inner Flame       |       |     2 |    14 |    26 |    34 ||    76
         Kindle Blastspark |       |     1 |    23 |    54 |    26 ||   104
         Sticky Flame      |       |       |     3 |    23 |   100 ||   126
         Flame Wave        |       |       |     2 |     1 |    23 ||    26
         Summon Ice Beast  |       |       |       |       |    12 ||    12
         Summon Mana Viper |       |       |       |       |     5 ||     5
 Invoke: Heal Self         |       |       |       |     4 |     1 ||     5
         Heal Other        |       |       |       |     2 |     2 ||     4
         Purification      |       |       |       |     1 |       ||     1
    Use: Scroll            |     2 |       |    14 |    13 |    11 ||    40
         Potion            |       |       |     1 |       |    11 ||    12
   Stab: Distracted        |       |       |       |       |     3 ||     3
         Sleeping          |       |       |       |       |     1 ||     1
         Invisible         |       |       |       |       |     8 ||     8
 Armour: Robe              |     3 |     7 |     9 |    33 |    30 ||    82
         Leather armour    |       |       |       |       |    95 ||    95
  Dodge: Dodged            |    12 |    38 |    48 |   127 |   540 ||   765
  Block: Buckler           |       |       |       |    25 |   159 ||   184

Table legend: (Time is in decaauts)
 A = Elapsed time spent in this place.
 B = Non-inter-level travel time spent in this place.
 C = Inter-level travel time spent in this place.
 D = Time resting spent in this place.
 E = Time spent auto-exploring this place.
 F = Levels seen in this place.
 G = Mean time per level.
                   A        B        C        D        E       F      G
               +--------+--------+--------+--------+--------+-----+--------+
         Total |  34735 |  32294 |   2441 |   8246 |  18319 |  25 | 1389.4 |
       Dungeon |  21154 |  19456 |   1698 |   3262 |  12995 |  15 | 1410.3 |
        Temple |     38 |     35 |      3 |      0 |     32 |   1 |   38.0 |
          Lair |   7091 |   6555 |    536 |   2371 |   3184 |   5 | 1418.2 |
  Orcish Mines |   3797 |   3593 |    204 |   1119 |   1647 |   2 | 1898.5 |
        Bailey |   1584 |   1584 |      0 |    742 |    368 |   1 | 1584.0 |
      Ice Cave |   1069 |   1069 |      0 |    751 |     92 |   1 | 1069.0 |
               +--------+--------+--------+--------+--------+-----+--------+

Top non-repeatable levels by time:
    D:11: 2816 daAuts
   Orc:2: 2710 daAuts
  Lair:4: 2428 daAuts
    D:10: 2417 daAuts
     D:9: 2192 daAuts
  Lair:2: 2099 daAuts
  Bailey: 1584 daAuts
    D:13: 1481 daAuts
     D:3: 1451 daAuts
    D:14: 1434 daAuts
  Lair:1: 1387 daAuts
     D:4: 1328 daAuts
     D:8: 1221 daAuts
    D:12: 1204 daAuts
     D:6: 1155 daAuts
